 Dungeon Crawl Stone Soup version 0.22-a0-224-g8cf3520 (webtiles) character file.

1288 KristoblXynda the Grappler (level 8, 0/64 HPs)
             Began as a Naga Transmuter on Feb 19, 2018.
             Shot with an arrow by a centaur (10 damage)
             ... on level 7 of the Dungeon.
             The game lasted 00:10:38 (6538 turns).

KristoblXynda the Grappler (Naga Transmuter)        Turns: 6538, Time: 00:10:38

Health: 0/64       AC:  4    Str: 13    XL:     8   Next: 55%
Magic:  10/11      EV: 10    Int: 15    God:
Gold:   198        SH:  0    Dex: 15    Spells: 4/11 levels left

rFire    . . .     SeeInvis +   m - +0 dagger (venom)
rCold    + . .     Gourm    .   (no shield)
rNeg     . . .     Faith    .   b - +0 robe
rPois    +         Spirit   .   j - +1 hat
rElec    .         Reflect  .   (no cloak)
rCorr    .         Harm     .   (no gloves)
MR       +....                  (no barding)
Stlth    +.........             (no amulet)
HPRegen  0.20/turn              k - ring of wizardry
MPRegen  0.12/turn              n - +3 ring of dexterity

@: glowing, very slow
A: large, see invisible, cold resistance 1, deformed body, mutation resistance
1, poison resistance, slowness 2, slow metabolism 1, spit poison 1, AC +2
a: Spit Poison


You were on level 7 of the Dungeon.
You were not hungry.

You visited 1 branch of the dungeon, and saw 5 of its levels.

You collected 198 gold pieces.

Inventory:

Hand Weapons
 m - a +0 dagger of venom (weapon)
Armour
 b - a +0 robe (worn)
 j - a +1 hat (worn)
Jewellery
 k - a ring of wizardry (left hand)
 n - a +3 ring of dexterity (right hand)
Scrolls
 d - 4 scrolls of remove curse
 g - a scroll of identify
 h - 2 scrolls of fear
 l - a scroll of teleportation
Potions
 a - 2 potions of invisibility
 e - a potion of ambrosia
 f - a potion of mutation
 i - 2 potions of brilliance
 o - a potion of magic
Comestibles
 c - 3 rations


   Skills:
 - Level 1.0 Fighting
 - Level 1.5 Dodging
 * Level 8.8 Unarmed Combat
 - Level 2.0 Spellcasting
 + Level 6.0 Transmutations


You had 4 spell levels left.
You knew the following spells:

 Your Spells              Type           Power        Failure   Level  Hunger
a - Beastly Appendage     Tmut           ###...       1%          1    #......
b - Spider Form           Tmut/Pois      ##........   8%          3    ###....
c - Confuse               Hex            #.......     26%         3    ###....


Dungeon Overview and Level Annotations

Branches:
Dungeon (4/15)
 Temple: D:4-7

Altars:
Fedhas
Kikubaaqudgha
Qazlal
Sif Muna
Wu Jian
Xom

Annotations:
D:7 Azzok's ghost, novice DEFE


Innate Abilities, Weirdness & Mutations

You cannot wear boots.
Your serpentine skin is tough. (AC +2)
You have supernaturally acute eyesight. (SInv)
Armour fits poorly on your strangely shaped body.
Your system is resistant to poisons. (rPois)
You cover ground very slowly.
You have a slow metabolism.
You can spit poison.
Your flesh is cold resistant. (rC+)
You are somewhat resistant to further mutation.


Message History

You rip the net and break free!
The gnoll shaman hits you with a whip!
* * * LOW HITPOINT WARNING * * *
The crimson imp completely misses you. The crimson imp spits at you.
The crimson imp blinks!
The gnoll shaman hits you with a whip!
* * * LOW HITPOINT WARNING * * *
Unknown command.
As you read the scroll of fear, it crumbles to dust.
You assume a fearsome visage.
The gnoll shaman looks frightened!
The gnoll looks frightened! x3; The orc looks frightened!
The crimson imp is unaffected.
Your horns disappear.
The orc looks desperately for an escape route.
The crimson imp lashes its tail.
Okay, then.
A centaur comes into view.
The centaur shouts!
The centaur wields a shortbow.
The centaur shoots an arrow.
The arrow misses you.
The centaur shoots an arrow.
The arrow hits you!
You die...

######### #. #.# # ... # #
#####.# # #. ...#.#
#####.####.#.## #
##.......#....#### ..#
##...........c...#######...#
##.......#....##@##g........
.#.......#..####..5†.>g5....
.#..........# ####..g.go...
.#.......##>##### ######...#
.#.......##.....# ###
.##############(#
.#.......######.#
.#.#####......#.#
##.#####..###.#.#


You could see a centaur, 3 gnolls and 2 crimson imps.

Vanquished Creatures
  Pikel (D:4)
  A hungry ghost (D:7)
  Edmund (D:4)
  A slave (D:4)
  A bullfrog (D:7)
  3 killer bees (D:7)
  2 howler monkeys (D:7)
  A crimson imp (D:7)
  A centaur zombie (D:7)
  2 orc priests (D:4)
  3 orc wizards (D:3)
  A worker ant (D:4)
  5 adders
  An ooze (D:3)
  An adder zombie (D:7)
  2 worms (D:2)
  3 dart slugs
  4 leopard geckos
  11 orcs
  7 bats
  A giant cockroach (D:1)
  6 goblins
  7 hobgoblins
  10 jackals
  9 kobolds
  2 quokkas
  2 ball pythons
  2 frilled lizards
  A leopard gecko skeleton (D:2)
  6 rats
98 creatures vanquished.

Notes
Turn   | Place    | Note
-------+----------+-------------------------------------------
     0 | D:1      | KristoblXynda the Naga Transmuter began the quest for the Orb.
     0 | D:1      | Reached XP level 1. HP: 18/18 MP: 3/3
   235 | D:1      | Reached XP level 2. HP: 20/25 MP: 5/5
   802 | D:2      | Reached XP level 3. HP: 31/31 MP: 6/6
  1008 | D:2      | Reached skill level 4 in Unarmed Combat
  1253 | D:2      | Reached XP level 4. HP: 14/38 MP: 7/7
  1734 | D:2      | Learned a level 3 spell: Spider Form
  2132 | D:3      | Reached XP level 5. HP: 26/44 MP: 6/8
  2142 | D:3      | Reached skill level 5 in Unarmed Combat
  2605 | D:3      | Found a stormy altar of Qazlal.
  2773 | D:3      | Found an ornate altar of the Wu Jian Council.
  3473 | D:4      | Noticed a slave
  3473 | D:4      | Noticed a slave
  3473 | D:4      | Noticed a slave
  3607 | D:4      | Reached XP level 6. HP: 37/51 MP: 5/9
  3914 | D:4      | Found a shimmering altar of Xom.
  3942 | D:4      | Found an ancient bone altar of Kikubaaqudgha.
  4004 | D:4      | Found a deep blue altar of Sif Muna.
  4096 | D:4      | Killed a slave
  4250 | D:4      | Noticed Pikel
  4253 | D:4      | Noticed a slave
  4272 | D:4      | Killed Pikel
  4272 | D:4      | Reached skill level 7 in Unarmed Combat
  4272 | D:4      | Reached skill level 5 in Transmutations
  4272 | D:4      | Reached XP level 7. HP: 10/57 MP: 4/10
  4876 | D:4      | Learned a level 3 spell: Confuse
  4892 | D:4      | Noticed Edmund
  4903 | D:4      | Killed Edmund
  5306 | D:4      | Found a blossoming altar of Fedhas.
  5309 | D:4      | You fall through a shaft for 3 floors!
  5349 | D:7      | Reached XP level 8. HP: 47/64 MP: 9/11
  5601 | D:7      | Noticed Azzok's ghost (novice DEFE)
  5604 | D:7      | Gained mutation: Your flesh is cold resistant. (rC+) [potion of mutation]
  5604 | D:7      | Gained mutation: You are somewhat resistant to further mutation. [potion of mutation]
  5868 | D:7      | Reached skill level 8 in Unarmed Combat
  6538 | D:7      | Shot with an arrow by a centaur

Vault maps used:
D:1:      noname_arrival_rooms_in_the_neighbourhood
D:3:      lemuel_coloured_pillars_altar, nicolae_qazlal_general_emergency,
          first_ration
D:4:      xom_teletrap_fun, fedhas_altar_4, kennysheep_mini,
          kennysheep_little_box, uniq_pikel, uniq_edmund
D:7:      kennysheep_small_spiral

Skill      XL: |  1  2  3  4  5  6  7  8 |
---------------+-------------------------+-----
Unarmed Combat | 4 5 7 8 |  8.8
Transmutations | 3 5 6 |  6.0
Fighting       | |  1.0
Dodging        | |  1.5
Spellcasting   | |  2.0

Action                   |  1- 3 |  4- 6 |  7- 9 || total
-------------------------+-------+-------+-------++-------
Melee: Dagger            |    86 |   186 |    91 ||   363
       Punch             |     1 |     3 |     1 ||     5
       Unarmed           |       |    30 |    26 ||    56
       Headbutt          |       |     3 |     7 ||    10
 Cast: Beastly Appendage |     1 |     2 |     5 ||     8
       Spider Form       |       |     5 |     3 ||     8
 Abil: Spit Poison       |     7 |     9 |     3 ||    19
  Use: Potion            |       |     4 |     1 ||     5
       Scroll            |       |     7 |     4 ||    11
 Stab: Sleeping          |       |     1 |       ||     1
  Eat: Ration            |       |     2 |     4 ||     6
       Chunk             |       |     3 |     1 ||     4
Armor: Robe              |    10 |    77 |    27 ||   114
       Skin              |       |     6 |     2 ||     8
Dodge: Dodged            |    48 |   136 |    71 ||   255

Table legend:
 A = Spawn XP
 B = Non-spawn XP
 C = Spawn XP percentage of total XP
 D = Spawn monster count
 E = Non-spawn monster count
 F = Spawn count percentage of total count
 G = Total turns spent on level
                    A         B        C        D         E        F      G
               +---------+---------+-------+---------+---------+-------+---------
         Total |       0 |    1840 |   0.0 |       0 |      97 |   0.0 |  6538
               +---------+---------+-------+---------+---------+-------+---------
           D:1 |       0 |      28 |   0.0 |       0 |      13 |   0.0 |   608
           D:2 |       0 |      80 |   0.0 |       0 |      24 |   0.0 |  1282
           D:3 |       0 |     205 |   0.0 |       0 |      39 |   0.0 |  1638
           D:4 |       0 |     882 |   0.0 |       0 |      11 |   0.0 |  1781
           D:7 |       0 |     645 |   0.0 |       0 |      10 |   0.0 |  1229
               +---------+---------+-------+---------+---------+-------+---------
